 Dungeon Crawl Stone Soup version 0.27.1-33-g824d729ab1 (webtiles) character file.

Game seed: 13521619777915430493

65 BaruZool the Magician (level 4, 0/31 HPs)
             Began as a Djinni Ice Elementalist on Dec 7, 2021.
             Was a Follower of Cheibriados.
             Slain by a gnoll (2 damage)
             ... on level 2 of the Dungeon.
             The game lasted 00:11:47 (2203 turns).

BaruZool the Magician (Djinni Ice Elementalist)     Turns: 2203, Time: 00:11:47

Health: 0/31       AC:  2    Str: 10    XL:     4   Next: 34%
Gold:   36         EV: 13    Int: 21    God:    Cheibriados [*.....] SH:  0 Dex: 16

rFire    + + .     SeeInvis .   (no weapon)
rCold    x . .     Faith    .   (no shield)
rNeg     . . .     Spirit   .   a - +0 robe
rPois    ∞         Reflect  .   (no helmet)
rElec    .         Harm     .   (no cloak)
rCorr    .         Rampage  .   (no gloves)
Will     .....                  (boots unavailable)
Stlth    ++........             (no amulet)
HPRegen  0.10/turn              (no ring)
MPRegen  0.00/turn              (no ring)

@: flying, very slow
A: sickness immunity, fire resistance 2, cold vulnerability 1, float, innate
caster, hp casting, extra vitality 1
a: Renounce Religion, Bend Time


You were on level 2 of the Dungeon.
You worshipped Cheibriados.
Cheibriados was aware of your devotion.
You visited 1 branch of the dungeon, and saw 2 of its levels.

You collected 36 gold pieces.

Inventory:

Missiles
 c - a throwing net
Armour
 a - a +0 robe (worn)
Potions
 b - a potion of might {unknown}
 d - a potion of magic {unknown}


   Skills:
 + Level 3.0 Dodging
 + Level 2.2 Stealth
 * Level 3.9 Spellcasting


You couldn't memorise any spells.
You knew the following spells:

 Your Spells              Type           Power      Damage    Failure   Level
a - Freeze                Ice            80%        1d9       2%          1
b - Frozen Ramparts       Ice            40%        1d6       7%          3
c - Ozocubu's Armour      Ice            20%        N/A       7%          3
d - Hailstorm             Conj/Ice       20%        3d6       24%         4
e - Summon Small Mammal   Summ           80%        N/A       2%          1
Your spell library was empty.

Dungeon Overview and Level Annotations

Branches:
Dungeon (2/15)

Altars:
Cheibriados


Innate Abilities, Weirdness & Mutations

You are immune to sickness and miasma.
You are immune to poison.
Your flesh is very heat resistant. (rF++)
You are vulnerable to cold. (rC-)
You float through the air rather than walking.
You learn spells naturally, not from books.
Your magical power is your life essence.
You have superior vitality. (+4 HP)


Message History

The gnoll hits your bat with a +0 spear!
Your bat dies!
Your bat's corpse disappears in a puff of smoke!
The gnoll shouts!
Casting: Summon Small Mammal (safe; 2% risk of failure)
Confirm with . or Enter, or press ? or * to list all spells.
Okay, then.
Your rat barely misses the gnoll.
The gnoll barely misses your rat.
Your rat bites the gnoll.
The gnoll hits your rat with a +0 spear!
Your rat dies!
Your rat's corpse disappears in a puff of smoke!
The gnoll hits your rat with a +0 spear.
Your rat dies!
Your rat's corpse disappears in a puff of smoke!
Casting: Summon Small Mammal (safe; 2% risk of failure)
Confirm with . or Enter, or press ? or * to list all spells.
* * * LOW HITPOINT WARNING * * *
Casting: Summon Small Mammal (safe; 2% risk of failure)
Confirm with . or Enter, or press ? or * to list all spells.
* * * LOW HITPOINT WARNING * * *
You swap places.
The gnoll hits your quokka with a +0 spear.
Your quokka bites the gnoll.
The gnoll hits your quokka with a +0 spear.
Your quokka dies!
Your quokka's corpse disappears in a puff of smoke!
The gnoll hits your quokka with a +0 spear!
Your quokka dies!
Your quokka's corpse disappears in a puff of smoke!
The gnoll barely misses you. The gnoll barely misses you.
You see here an adder skeleton.
The gnoll hits you from afar with a +0 spear.
* * * LOW HITPOINT WARNING * * *
Found a scroll labelled GYDDER XUCWAO.
The gnoll misses you. The gnoll misses you.
There is a stone staircase leading up here.
The gnoll hits you from afar with a +0 spear.
You die...

####......... #...
............. #?.#
#.......).. #..##
#..8.....8. ...#
#.......... #..#
#.######### #..#
#÷# # #..#####.##
#@.g......#
##.#####..########
#.#####..##......
#............>...
#######..##...##.
#..##.....#
#..##....##
#..##.<.###
#..##.#....


You could see a gnoll.

Vanquished Creatures
  3 adders (D:2)
  A dart slug (D:1)
  4 endoplasms
  4 giant cockroaches
  3 goblins
  A hobgoblin (D:1)
  5 jackals
  2 ball pythons
  A bat (D:1)
  2 frilled lizards (D:1)
  A kobold (D:1)
  3 rats
30 creatures vanquished.

Vanquished Creatures (collateral kills)
  An adder (D:2)
  A hobgoblin (D:2)
  2 kobolds (D:2)
  A bat (D:2)
5 creatures vanquished.

Grand Total: 35 creatures vanquished

Notes
Turn   | Place    | Note
-------+----------+-------------------------------------------
     0 | D:1      | BaruZool the Djinni Ice Elementalist began the quest for
                  | the Orb.
     0 | D:1      | Reached XP level 1. HP: 15/15 MP: 0/0
   228 | D:1      | Reached XP level 2. HP: 14/21 MP: 0/0
   662 | D:1      | Reached XP level 3. HP: 9/25 MP: 0/0
   662 | D:1      | Learned a level 1 spell: Summon Small Mammal
  1558 | D:2      | Found a faded altar of an unknown god.
  1589 | D:2      | Became a worshipper of Cheibriados the Contemplative
  1589 | D:2      | Reached * piety under Cheibriados
  1875 | D:2      | Reached XP level 4. HP: 11/31 MP: 0/0
  2197 | D:2      | HP: 1/31 [gnoll (6)]
  2203 | D:2      | Slain by a gnoll

Illustrated notes

Levels and vault maps discovered:
D:1:      dpeg_arrival_chambers_temple_mockup, layout_rooms, dk_noncrumbling_3
D:2:      layout_loops_ring, hellmonk_ecumenical_altar_inner_sanctum,
          serial_glass, glass_columns_b, glass_columns_b, item_on_display_a,
          item_on_display_a, due_unseen_surprise, item_on_display_a,
          st_stairs_1, minivault_11, cheibrodos_gnoll_hut

Skill      XL: |  1  2  3  4 |
---------------+-------------+-----
Stealth        | 2 |  2.2
Dodging        | 3 |  3.0
Spellcasting   | |  3.9

Action                   |  1- 3 |  4- 6 || total
-------------------------+-------+-------++-------
 Cast: Freeze            |    50 |     4 ||    54
       Summon Small Mamm |    27 |    11 ||    38
Invok: Bend Time         |     1 |       ||     1
Armor: Robe              |     6 |     2 ||     8
Dodge: Dodged            |    27 |     7 ||    34
